 Dungeon Crawl Stone Soup version 0.30-a0-377-g5cb311bc9f (webtiles) character file.

Game seed: 16073826611533310925

97183 Bnni the Impaler (level 16, 0/131 (136) HPs)
             Began as a Formicid Fighter on Nov 27, 2022.
             Was an Initiate of Yredelemnul.
             Killed from afar by an orc sorcerer (19 damage)
             ... with a bolt of negative energy
             ... on level 2 of the Orcish Mines.
             The game lasted 00:59:50 (24312 turns).

Bnni the Impaler (Formicid Fighter)                Turns: 24312, Time: 00:59:52

HP:   0/131 (136)   AC: 30    Str: 26    XL:     16   Next: 69%
MP:   22/26         EV:  5    Int: 11    God:    Yredelemnul [......]
Gold: 1439          SH:  7    Dex: 13    Spells: 15/15 levels left

rFire   + + .      SeeInvis +    W - +2 glaive (freeze)
rCold   + + +      Faith    +    c - +0 buckler
rNeg    . . .      Spirit   .    B - +9 scales of the Dragon King {rPois rF+ rC+ Will+}
rPois   +          Reflect  .    (helmet unavailable)
rElec   +          Harm     .    V - +0 cloak {rC+}
rCorr   +          Rampage  .    Q - +0 pair of gloves {hurl}
Will    +++..                    L - +0 pair of boots
Stlth   ..........               d - amulet of Wyek {Faith rElec rC+ rCorr Stlth+}
HPRegen 0.41/turn                t - ring of protection from fire
MPRegen 0.20/turn                y - ring of willpower

@: lightly drained
A: permanent stasis, dig shafts and tunnels, antennae 3, four strong arms
a: Dig, Shaft Self, Renounce Religion, Recall Undead Harvest


You were on level 2 of the Orcish Mines.
You worshipped Yredelemnul.
Yredelemnul was pleased with you.
You visited 3 branches of the dungeon, and saw 22 of its levels.
You also visited: Ossuary and Ice Cave.

You collected 1853 gold pieces.
You spent 414 gold pieces at shops.

Inventory:

Hand Weapons
 a - a +3 scythe of protection
 e - a +2 trident of flaming
 r - the +8 frozen axe "Frostbite" {freezing cloud, *Noise Fly rC+}
   (You found it on level 10 of the Dungeon)

   It freezes those it strikes, dealing additional cold damage.
   It can also slow down cold-blooded creatures.
   It occasionally leaves clouds of freezing vapour upon striking a foe.
   It grants immunity to clouds of freezing vapour.
   rC:        It protects you from cold.
   Fly:       It grants you flight.
   *Noise:    It may make noises in combat.
 W - a +2 glaive of freezing (weapon)
Missiles
 f - 3 throwing nets
 E - 11 curare-tipped darts
 I - 8 boomerangs
 P - 6 javelins
Armour
 c - a +0 buckler (worn)
 B - the +9 scales of the Dragon King (worn) {rPois rF+ rC+ Will+}
   (You found it on level 9 of the Dungeon)

   rF:        It protects you from fire.
   rC:        It protects you from cold.
   rPois:     It protects you from poison.
   Will:      It increases your willpower.
 L - a +0 pair of boots (worn)
 Q - a +0 pair of gloves of hurling (worn)
 V - a +0 cloak of cold resistance (worn)
Jewellery
 d - the amulet of Wyek (around neck) {Faith rElec rC+ rCorr Stlth+}
   (You found it on level 10 of the Dungeon)

   [amulet of faith]

   It allows you to gain divine favour quickly.
   rC:        It protects you from cold.
   rElec:     It insulates you from electricity.
   rCorr:     It protects you from acid and corrosion.
   Stlth:     It makes you more stealthy.
 l - a ring of ice
 t - a ring of protection from fire (left hand)
 y - a ring of willpower (right hand)
 U - a ring of wizardry
Wands
 h - a wand of acid (8)
 u - a wand of digging (3)
 z - a wand of roots (21)
 O - a wand of mindburst (21)
Scrolls
 k - 2 scrolls of enchant armour
 n - a scroll of summoning
 v - 3 scrolls of vulnerability
 w - 3 scrolls of immolation
 A - 3 scrolls of magic mapping
 C - 5 scrolls of poison
 D - 2 scrolls of enchant weapon
 F - 4 scrolls of fog
 G - a scroll of silence
 H - 2 scrolls of brand weapon
 K - 5 scrolls of identify
 N - 7 scrolls of fear
Potions
 g - 6 potions of attraction
 i - 13 potions of curing
 j - 2 potions of flight
 m - 6 potions of heal wounds
 o - 4 potions of lignification
 q - 3 potions of mutation
 s - 3 potions of ambrosia
 x - 6 potions of magic
 J - 3 potions of cancellation
 M - 4 potions of invisibility
 R - 3 potions of might
 S - a potion of resistance
Miscellaneous
 p - a box of beasts
 T - a phial of floods


   Skills:
 + Level 15.4 Fighting
 * Level 19.4 Polearms
 + Level 9.1 Armour
 + Level 11.2 Shields
 + Level 13.7 Invocations


You had 15 spell levels left.
You didn't know any spells.
Your spell library contained the following spells:

 Spells                   Type           Power      Damage    Failure   Level
 Freeze                   Ice            0%         1d3       100%        1
 Sandblast                Erth           0%         2d4       100%        1
 Shock                    Conj/Air       0%         1d3       100%        1
 Slow                     Hex            0%         N/A       100%        1
 Cigotuvi's Dreadful Rot  Necr/Pois/Air  0%         N/A       100%        2
 Ensorcelled Hibernation  Hex/Ice        0%         N/A       100%        2
 Passwall                 Tmut/Erth      0%         N/A       100%        2
 Static Discharge         Conj/Air       0%         2-2/arc   100%        2
 Confusing Touch          Hex            0%         N/A       100%        3
 Frozen Ramparts          Ice            0%         1d1       100%        3
 Gell's Gravitas          Tloc           0%         N/A       100%        3
 Hailstorm                Conj/Ice       0%         3d3       100%        3
 Lesser Beckoning         Tloc           0%         N/A       100%        3
 Ozocubu's Armour         Ice            0%         N/A       100%        3
 Stone Arrow              Conj/Erth      0%         3d7       100%        3
 Teleport Other           Tloc           0%         N/A       100%        3
 Vampiric Draining        Necr           0%         2d6       100%        3
 Vhi's Electric Charge    Tloc/Air       0%         N/A       100%        3
 Airstrike                Air            0%         2d(0-16)  100%        4
 Dispel Undead            Necr           0%         3d6       100%        4
 Ice Form                 Ice/Tmut       0%         N/A       100%        4
 Arcjolt                  Conj/Air       0%         1d10      100%        5
 Borgnjor's Vile Clutch   Necr/Erth      0%         N/A       100%        5
 Lightning Bolt           Conj/Air       0%         1d11      100%        5
 Summon Forest            Summ/Tloc      0%         N/A       100%        5
 Summon Mana Viper        Hex/Summ       0%         N/A       100%        5
 Summon Cactus Giant      Summ           0%         N/A       100%        6
 Ozocubu's Refrigeration  Ice            0%         4d7       100%        7
 Swiftness                Air            Unusable   N/A       N/A         3
 Animate Dead             Necr           Unusable   N/A       N/A         4
 Death Channel            Necr           Unusable   N/A       N/A         6
 Simulacrum               Ice/Necr       Unusable   N/A       N/A         6

Dungeon Overview and Level Annotations

Branches:
Dungeon (15/15)            Temple (0/1) D:7            Lair (5/5) D:11
 Shoals (0/4) Lair:2       Spider (0/4) Lair:2        Slime (0/5) Lair:5
    Orc (2/2) D:10         Vaults (0/5) D:14         Depths (0/4) D:15
Ossuary (visited)           IceCv (visited)
    Elf: Orc:2

Altars:
Ashenzari
Cheibriados
Elyvilon
Fedhas
Gozag
Hepliaklqana
Kikubaaqudgha
Makhleb
Nemelex Xobeh
Okawaru
Qazlal
Sif Muna
Trog
Wu Jian
Xom
Yredelemnul
Zin
The Shining One

Shops:
D:2 (   D:8 *   D:10 [[   D:14 ?[!   Orc:1 :   Orc:2 :[

Portals:
Abyss: Lair:1


Innate Abilities, Weirdness & Mutations

You cannot be hasted, slowed, berserked, paralysed or teleported.
You can dig through walls and to a lower floor.
You have a pair of large antennae on your head. (SInv)
Your four strong arms can wield two-handed weapons with a shield.


Message History

The orc hits your bound six-headed hydra but does no damage.
The orc barely misses your bound six-headed hydra.
Your bound six-headed hydra bites the orc.
Your bound six-headed hydra drains the orc.
The orc dies!
Reach: W) +2 glaive (freeze)
Press: ? - help, Dir - move target, f - orc
Aim: an orc, wielding a +0 dagger (ally target, about 29% to evade your +2 glaive of freezing)
You could not reach far enough!
Unknown command.
Yredelemnul sends a servant to aid you.
Yredelemnul accepts your bounty of souls!
The orc warlord roars a battlecry!
The orcs go into a battle-frenzy!
The orc hits your bound six-headed hydra with a +0 dagger.
Your bound six-headed hydra bites the orc.
The orc dies!
Your bound six-headed hydra bites the orc warlord but does no damage.
Your bound six-headed hydra bites the orc warlord.
Your bound six-headed hydra bites the orc warlord but does no damage. x2
Your bound six-headed hydra bites the orc warlord!
Your bound six-headed hydra closely misses the orc warlord.
Unknown command.
Unknown command.
You swap places.
The orc warlord hits your bound six-headed hydra with a +3 war axe!
Your bound six-headed hydra is destroyed!
The orc warlord hits your orc zombie with a +3 war axe!!
Your orc zombie is destroyed!
You can no longer trade souls for undead servants.
Unknown command.
Reach: W) +2 glaive (freeze)
Press: ? - help, Dir - move target, f - orc warlord
Aim: an orc warlord, wielding a +3 war axe and wearing a +0 plate armour (lightly wounded, ally target, about 21% to evade your +2 glaive of freezing)
You reach to attack!
You barely miss the orc warlord.
The orc warlord is lightly wounded.
The orc sorcerer casts a spell at you. The bolt of negative energy hits you!!
You feel drained.
You die...
Your body rises from the dead as a mindless zombie.

................##.##
)...................#
................#...#
......P.........##.##
.......P.........#
...∩.......#.....#
P.....P..........##
....8..........ZZW#
......P....#..##@##
...............#.###.#.##
........##.##.#)o).o...P.
.#.....#########)))......
........ #...oo....
.......... ##.P.......
##...8.∩.. #........


You could see an orc warlord (ally target), an orc sorcerer (strong), a friendly
eidolon (summoned), a friendly orc zombie and a friendly orc wizard zombie.

Vanquished Creatures
  Kirke (D:14)
  The ghost of aspa the Eclecticist, a journeyman OpHW of Vehumet (Lair:1)
  An ice dragon (D:10)
  3 hydras
  A boulder beetle (D:11)
  4 centaur warriors
  A merfolk avatar (Lair:5)
  3 two-headed ogres
  Erica (D:8)
  8 death yaks (Lair:5)
  An orc high priest (Orc:1)
  2 sea snakes (Lair:5)
  A flayed ghost (D:15)
  4 orc knights (Orc:2)
  2 necromancers
  5 deep elf pyromancers
  5 ugly things
  2 cyclopes
  A manticore (D:15)
  A cyclops (shapeshifter) (Lair:1)
  9 elephants
  A worldbinder (Lair:1)
  A fire giant skeleton (D:15)
  2 merfolk sirens (Lair:2)
  An ice statue (IceCv)
  5 cane toads
  2 black mambas
  4 rime drakes
  10 ice devils
  3 anaconda simulacra (IceCv)
  4 kobold demonologists
  3 freezing wraiths (IceCv)
  2 tengu conjurers (D:15)
  8 komodo dragons
  8 trolls
  2 wind drakes (Lair:5)
  A merfolk (Lair:2)
  A queen bee (D:13)
  2 polar bears
  2 meliai (D:13)
  4 hornets
  4 slime creatures
  5 blink frogs (Lair:1)
  Sigmund (D:2)
  2 culicivoras (Lair:2)
  A centaur simulacrum (D:10)
  A vampire (D:11)
  4 wraiths
  2 water elementals (D:15)
  2 basilisks
  4 wyverns
  2 dire elephant simulacra (IceCv)
  18 yaks
  4 vampire mosquitoes
  A warg (Orc:2)
  3 hydra simulacra (IceCv)
  6 water moccasins
  2 acid dragons
  A harpy simulacrum (IceCv)
  8 orc warriors
  A black bear (D:5)
  An ice beast (D:5)
  2 ogres
  14 wolves
  10 centaurs
  2 phantoms
  5 kobold brigands
  Blork the orc (D:4)
  A gnoll sergeant (D:9)
  5 bullfrogs
  A necrophage (D:6)
  4 scorpions
  4 cane toad simulacra (IceCv)
  4 wights (D:7)
  A tengu zombie (D:15)
  15 killer bees
  7 elephant simulacra (IceCv)
  7 electric eels
  A howler monkey (D:9)
  2 centaur zombies (Ossuary)
  3 human zombies (Ossuary)
  4 hounds
  A jelly (D:6)
  6 orc priests
  3 gnoll boudas
  2 iguanas
  14 orc wizards
  11 hell rats
  2 yak simulacra (Lair:3)
  7 polar bear simulacra
  A troll simulacrum (IceCv)
  A wolf simulacrum (IceCv)
  A boggart simulacrum (D:15)
  4 mummies (Ossuary)
  7 adders
  14 gnolls
  A naga simulacrum (IceCv)
  2 shadow imps
  3 white imps
  2 ufetubi
  2 worms (D:2)
  4 dart slugs
  43 orcs
  4 bats
  7 endoplasms
  2 giant cockroaches
  8 goblins
  8 hobgoblins
  10 jackals
  20 kobolds
  3 quokkas
  9 ball pythons
  3 frilled lizards
  2 gnoll zombies (Ossuary)
  An orc zombie (Ossuary)
  5 rats
  A river rat simulacrum (Lair:3)
503 creatures vanquished.

Vanquished Creatures (collateral kills)
  A caustic shrike skeleton (D:15)
  A stone giant (D:11)
  Josephine (D:10)
  3 hydras
  An ogre mage (D:14)
  A centaur warrior (D:15)
  3 two-headed ogres
  A death yak (Lair:5)
  A thrashing horror (Lair:1)
  3 harpies (Lair:5)
  4 cyclopes
  A deep elf pyromancer (D:12)
  A manticore (D:12)
  5 ugly things
  A slime creature (D:14)
  A frost giant zombie (D:15)
  A merfolk siren (Lair:2)
  A black mamba (Lair:5)
  11 elephants
  4 cane toads
  6 rime drakes
  2 komodo dragons
  A guardian mummy (D:15)
  An anaconda simulacrum (IceCv)
  An ice devil (IceCv)
  A hellwing (Lair:1)
  A tengu conjurer (D:15)
  3 trolls
  A red devil (Lair:1)
  3 polar bears
  A meliai (D:13)
  A hornet (Lair:5)
  A snapping turtle (Lair:5)
  A blink frog (Lair:5)
  A centaur simulacrum (D:10)
  5 wraiths
  4 water elementals (D:15)
  A spriggan (Lair:1)
  A basilisk (D:11)
  A hog (D:14)
  23 yaks
  A yak (shapeshifter) (D:14)
  A steam dragon (D:9)
  3 vampire mosquitoes
  2 death yak simulacra (IceCv)
  A warg (Orc:1)
  An acid dragon (D:11)
  7 water moccasins
  A hydra simulacrum (IceCv)
  8 orc warriors
  A swamp drake (D:11)
  An ogre (Orc:1)
  9 wolves
  5 centaurs
  A kobold brigand (D:9)
  3 bullfrogs (Lair:1)
  4 killer bees
  4 electric eels
  An orc priest (Orc:2)
  7 hell rats
  3 orc wizards
  A polar bear simulacrum (Lair:3)
  A spriggan simulacrum (IceCv)
  A yak simulacrum (Lair:3)
  3 wolf simulacra
  11 orcs
  5 kobolds
  A river rat simulacrum (Lair:3)
  A plant (Lair:5)
194 creatures vanquished.

Vanquished Creatures (others)
  A spectral hydra (Orc:2)
  A spectral merfolk (Lair:5)
  2 death yak zombies (Lair:5)
  A komodo dragon (Lair:5)
  3 harpy zombies (Lair:5)
  2 hydra zombies (Lair:5)
  A meliai zombie (D:13)
  A spectral kobold (Lair:5)
  2 black mamba zombies
  A shadow (D:10)
  A slime creature zombie (D:9)
  5 spectral ice devils (IceCv)
  3 hornet zombies
  4 elephant zombies (Lair:5)
  3 blink frog zombies (Lair:1)
  2 vampire mosquito zombies
  A wolf (Lair:5)
  5 rime drake zombies
  3 komodo dragon zombies (Lair:5)
  3 water moccasin zombies
  A polar bear zombie (D:10)
  A warg zombie (Orc:2)
  3 yak zombies (Lair:1)
  A troll zombie (D:10)
  9 wolf zombies
  3 bullfrog zombies (Lair:1)
  10 centaur zombies
  5 killer bee zombies
  An ogre zombie (Orc:2)
  2 hell rat zombies (Lair:1)
  A howler monkey zombie (D:9)
  3 spectral electric eels
  A steam dragon zombie (D:9)
  19 orc zombies
  A spectral white imp (IceCv)
  A gnoll zombie (D:8)
  9 kobold zombies
  A spectral ufetubus (IceCv)
  58 fungi
  129 plants
  4 withered plants (D:15)
308 creatures vanquished.

Grand Total: 1005 creatures vanquished

Notes
Turn   | Place    | Note
-------+----------+-------------------------------------------
     0 | D:1      | Bnni the Formicid Fighter began the quest for the Orb.
     0 | D:1      | Reached XP level 1. HP: 18/18 MP: 1/1
    29 | D:1      | Reached XP level 2. HP: 10/24 MP: 2/2
   304 | D:1      | Reached XP level 3. HP: 29/29 MP: 3/3
  1041 | D:2      | Found Duradeh's Weapon Shop.
  1155 | D:2      | Reached skill level 3 in Polearms
  1155 | D:2      | Reached XP level 4. HP: 37/37 MP: 4/4
  1213 | D:2      | Reached skill level 5 in Shields
  1343 | D:2      | Noticed Sigmund
  1350 | D:2      | Killed Sigmund
  1351 | D:2      | Reached skill level 4 in Polearms
  1351 | D:2      | Reached XP level 5. HP: 43/43 MP: 5/5
  1351 | D:2      | Reached XP level 6. HP: 49/49 MP: 6/6
  1380 | D:2      | Found an iron altar of Okawaru.
  1820 | D:3      | Found a faded altar of an unknown god.
  1877 | D:3      | Reached skill level 5 in Polearms
  2030 | D:3      | Identified the +8 whip of the Solstice {venom, Int+4 Dex+2}
  2108 | D:3      | Found a stormy altar of Qazlal.
  2129 | D:3      | Reached skill level 5 in Fighting
  2129 | D:3      | Reached XP level 7. HP: 53/56 MP: 5/7
  2469 | D:4      | Found a shimmering altar of Xom.
  2885 | D:4      | Reached skill level 6 in Polearms
  3021 | D:4      | Found a glowing golden altar of the Shining One.
  3025 | D:4      | Noticed Blork the orc
  3033 | D:4      | Killed Blork the orc
  3075 | D:4      | Found a sparkling altar of Nemelex Xobeh.
  3343 | D:5      | Entered Level 5 of the Dungeon
  3479 | D:5      | Reached XP level 8. HP: 64/64 MP: 8/8
  3486 | D:5      | Reached skill level 7 in Polearms
  3819 | D:5      | You fall into a shaft and drop 1 floor!
  4279 | D:5      | Found an ornate altar of the Wu Jian Council.
  4461 | D:6      | Reached skill level 8 in Polearms
  4904 | D:6      | Found a blossoming altar of Fedhas.
  5086 | D:6      | Reached XP level 9. HP: 72/72 MP: 9/9
  5204 | D:6      | Found a broken altar of Ashenzari.
  5414 | D:7      | Reached skill level 9 in Polearms
  5881 | D:7      | Found a staircase to the Ecumenical Temple.
  5936 | D:7      | Found a basalt altar of Yredelemnul.
  5944 | D:7      | Became a worshipper of Yredelemnul the Dark
  5966 | D:7      | Found a shimmering blue altar of Sif Muna.
  6211 | D:7      | Found a bloodstained altar of Trog.
  6212 | D:7      | Found a hazy altar of Hepliaklqana.
  6388 | D:7      | Found a white marble altar of Elyvilon.
  6560 | D:8      | Found a glowing silver altar of Zin.
  6599 | D:8      | Reached * piety under Yredelemnul
  6600 | D:8      | Reached skill level 10 in Polearms
  6757 | D:8      | Found a sand-covered staircase.
  6771 | Ossuary  | Entered an ossuary
  7212 | D:8      | Found an ancient bone altar of Kikubaaqudgha.
  7583 | D:8      | Found Gumorar's General Store.
  7586 | D:8      | Noticed Erica
  7595 | D:8      | Reached ** piety under Yredelemnul
  7602 | D:8      | Killed Erica
  7603 | D:8      | Reached skill level 11 in Polearms
  7603 | D:8      | Reached XP level 10. HP: 40/83 MP: 10/10
  7617 | D:8      | Bought 5 curare-tipped darts for 36 gold pieces
  8038 | D:9      | Noticed a kobold demonologist
  8044 | D:9      | Noticed a smoke demon
  8055 | D:9      | Killed a kobold demonologist
  8056 | D:9      | Reached skill level 1 in Invocations
  8064 | D:9      | Noticed a two-headed ogre
  8097 | D:9      | Reached skill level 12 in Polearms
  8113 | D:9      | Killed a two-headed ogre
  8114 | D:9      | Reached skill level 10 in Fighting
  8123 | D:9      | Reached XP level 11. HP: 41/90 MP: 6/13
  8287 | D:9      | Found the +9 scales of the Dragon King {rPois rF+ rC+
                  | Will+}
  8457 | D:9      | Found a snail-covered altar of Cheibriados.
  8790 | D:9      | Noticed a deep elf pyromancer
  9314 | D:9      | Killed a deep elf pyromancer
  9511 | D:10     | Entered Level 10 of the Dungeon
  9515 | D:10     | Identified the amulet of Wyek {Faith rElec rC+ rCorr
                  | Stlth+}
  9552 | D:10     | Reached skill level 13 in Polearms
  9552 | D:10     | Reached skill level 5 in Invocations
  9589 | D:10     | Found Anedgh's Armour Shoppe.
  9595 | D:10     | Reached *** piety under Yredelemnul
  9610 | D:10     | Found a staircase to the Orcish Mines.
  9804 | D:10     | Reached **** piety under Yredelemnul
  9814 | D:10     | Reached ***** piety under Yredelemnul
  9865 | D:10     | Found the +8 frozen axe "Frostbite" {freezing cloud, *Noise
                  | Fly rC+}
  9866 | D:10     | Noticed an ice dragon
  9899 | D:10     | Killed an ice dragon
 10087 | D:10     | Reached ****** piety under Yredelemnul
 10180 | D:10     | Found a shimmering altar of Xom.
 10362 | D:10     | Found an opulent altar of Gozag.
 10410 | D:10     | Noticed Josephine
 10418 | D:10     | Killed Josephine
 10423 | D:10     | Reached skill level 14 in Polearms
 10425 | D:10     | Reached XP level 12. HP: 68/100 MP: 17/17
 10541 | D:10     | Found Uriyny's Antique Armour Shop.
 10973 | D:10     | Bought a pair of glowing gloves for 210 gold pieces
 11194 | D:11     | Noticed a centaur warrior
 11214 | D:11     | Killed a centaur warrior
 11350 | D:11     | Noticed a two-headed ogre
 11357 | D:11     | Killed a two-headed ogre
 11498 | D:11     | Noticed a boulder beetle
 11510 | D:11     | Killed a boulder beetle
 11649 | D:11     | Reached skill level 15 in Polearms
 11896 | D:11     | Noticed a two-headed ogre
 11905 | D:11     | Killed a two-headed ogre
 11905 | D:11     | Enslaved a two-headed ogre
 12012 | D:11     | Noticed a two-headed ogre
 12015 | D:11     | Killed a two-headed ogre
 12080 | D:11     | Identified the +0 scale mail of the Iron Devil {+Blink
                  | Slay+2}
 12097 | D:11     | Noticed a stone giant
 12101 | D:11     | Killed a stone giant
 12240 | D:11     | Found a staircase to the Lair.
 12685 | D:12     | Reached XP level 13. HP: 109/109 MP: 19/19
 13274 | D:12     | Identified the +5 dagger of Eternal Night {vorpal, Fly}
 13625 | D:13     | Noticed a centaur warrior
 13632 | D:13     | Killed a centaur warrior
 13633 | D:13     | Reached skill level 16 in Polearms
 14038 | D:13     | Reached skill level 10 in Invocations
 14393 | D:13     | Noticed Sonja
 14398 | D:13     | Killed Sonja
 14398 | D:13     | Enslaved Sonja
 15010 | D:14     | Noticed a centaur warrior
 15020 | D:14     | Killed a centaur warrior
 15135 | D:14     | Noticed Kirke
 15143 | D:14     | Killed Kirke
 15310 | D:14     | Found Pilau's Distillery.
 15318 | D:14     | Bought a potion of heal wounds for 70 gold pieces
 15318 | D:14     | Bought a potion of might for 56 gold pieces
 15318 | D:14     | Bought a potion of curing for 42 gold pieces
 15322 | D:14     | Noticed a centaur warrior
 15329 | D:14     | Killed a centaur warrior
 15479 | D:14     | Found Cuf Moit's Armour Emporium.
 15629 | D:14     | Reached XP level 14. HP: 110/118 MP: 22/22
 15673 | D:14     | Found a gate to the Vaults.
 15867 | D:14     | Found Vaafom's Magic Scroll Shop.
 15903 | D:15     | Entered Level 15 of the Dungeon
 15918 | D:15     | Reached skill level 17 in Polearms
 16198 | D:15     | Found a staircase to the Depths.
 16207 | D:15     | Reached skill level 5 in Armour
 17207 | Lair:1   | Entered Level 1 of the Lair of Beasts
 17665 | Lair:1   | Found a transporter.
 17678 | Lair:1   | Found a transporter.
 17678 | Lair:1   | Found a one-way gate to the infinite horrors of the Abyss.
 17692 | Lair:1   | Noticed aspa's ghost (journeyman OpHW)
 17921 | Lair:1   | Killed aspa's ghost
 17933 | Lair:1   | Reached XP level 15. HP: 90/126 MP: 21/23
 18216 | Lair:2   | Found a staircase to the Shoals.
 18352 | Lair:2   | Reached skill level 18 in Polearms
 18706 | Lair:2   | Found a hole to the Spider Nest.
 21099 | Lair:5   | Entered Level 5 of the Lair of Beasts
 21269 | Lair:5   | Found a staircase to the Slime Pits.
 21315 | Lair:5   | Your ally Sonja died
 21364 | Lair:5   | Reached skill level 10 in Shields
 21412 | Lair:5   | Reached XP level 16. HP: 53/134 MP: 25/25
 21467 | Lair:5   | Reached skill level 15 in Fighting
 21548 | Lair:5   | HP: 1/136 [rime drake/icy flash freeze (18)]
 21596 | Lair:5   | Reached skill level 19 in Polearms
 21936 | Lair:5   | Identified the +2 leather armour of Leaves {rF++ rC+ MP+9
                  | Int+3}
 22628 | Orc:1    | Entered Level 1 of the Orcish Mines
 22961 | Orc:1    | Found Pouhu's Book Shoppe.
 23035 | Orc:1    | Found a frozen archway.
 23057 | IceCv    | Entered an ice cave
 23854 | IceCv    | Found an ancient bone altar of Kikubaaqudgha.
 24059 | Orc:2    | Entered Level 2 of the Orcish Mines
 24060 | Orc:2    | Found Kamma's Book Shoppe.
 24065 | Orc:2    | Found a burning altar of Makhleb.
 24276 | Orc:2    | Found Dimmocku's Antique Armour Boutique.
 24312 | Orc:2    | Killed from afar by an orc sorcerer

Illustrated notes

Levels and vault maps discovered:
D:1:      giann_horns, layout_basic, st_stairs_2
D:2:      layout_loops_ring, basic_altar, serial_shops, shop_fountains,
          minmay_box_of_dots, uniq_sigmund
D:3:      layout_rooms, nicolae_qazlal_eye_of_the_storm, basic_ecumenical_altar
D:4:      layout_gridville, mainiacjoe_overflow_chevrons,
          overflow_temple_1_default, minmay_ruined_shrine, uniq_blork_the_orc
D:5:      layout_gridville, nzn_wu_jian_council_hall
D:6:      layout_basic, nicolae_ashenzari_panopticon, lemuel_tele_altar,
          nicolae_eternal_life
D:7:      layout_loops_ring, kennysheep_ying_yang, led_sif_pool,
          gammafunk_temple_overflow_pools, minmay_temple_entry_statues_pillars,
          kennysheep_generic_room_13
D:8:      layout_basic, mainiacjoe_overflow_alcove_4,
          nicolae_kikubaaqudgha_miasma_corner, serial_shops,
          nicolae_diamond_shop, chequers_ossuary_entry_cave, uniq_erica
D:9:      cheibrodos_two_vegetables, layout_long_grid, old_standard_altar,
          minmay_diced_spiral
D:10:     minmay_coctagon, layout_basic, mainiacjoe_overflow_six_doors_small,
          mainiacjoe_overflow_brackets, orc_david_3, serial_shops,
          nicolae_shop_trees, kennysheep_generic_room_14, uniq_josephine
D:11:     layout_loops_ring, erik_lair_dragon, kennysheep_just_a_vault
D:12:     layout_stronghold, corexii_hall_statues_u
D:13:     layout_stronghold, nicolae_looking_at_the_future, uniq_sonja
D:14:     layout_irregular_city, david_vaults_2, minmay_misc_feat_hallway,
          serial_shops, nicolae_shop_behind_doors, nicolae_lakefront_shop, shop,
          uniq_kirke
D:15:     gammafunk_depths_entry_grave, layout_rooms, serial_bayou,
          serial_bayou_crossing, serial_bayou_pond_a, serial_bayou_pond_d,
          serial_bayou_lake_a, serial_bayou_shore_b, serial_bayou_pond_e,
          minmay_misc_feat_roman, minmay_misc_feat_x
Lair:1:   layout_small_grid, gammafunk_ghost_abyssal_escape,
          lemuel_old_faithful, lemuel_fruit_fields, infiniplex_staircase_pool,
          grunt_megastairs_5
Lair:2:   layout_cave_pods, elwin_shoals_entry_stream,
          hellmonk_spider_entry_life_and_decay, serial_bayou_shore_b
Lair:3:   layout_loops_ring, eino_house_with_fridge
Lair:4:   layout_hall_layers
Lair:5:   gammafunk_lair_ancient_temple, layout_regular_city, slime_entry_1
Orc:1:    layout_diamond_mine, portal_ice_cave_demonic_guard, serial_shops,
          nicolae_shop_hallway_stairs, kennysheep_orc_chapel
Orc:2:    grunt_orc_gardens, layout_caves, grunt_orc_garden, grunt_orc_garden,
          grunt_orc_garden, grunt_orc_garden, bloody_makhleb

Skill      XL: |  1  2  3  4  5  6  7  8  9 10 11 12 13 14 15 16 |
---------------+-------------------------------------------------+-----
Polearms       | 3 4 5 6 8 11 12 14 15 16 17 18 19 | 19.4
Shields        | 5 6 8 10 11 | 11.2
Fighting       | 4 5 7 9 10 11 12 13 14 15 | 15.4
Invocations    | 3 6 9 10 11 13 | 13.7
Armour         | 4 6 8 9 |  9.1

Action                   |  1- 3 |  4- 6 |  7- 9 | 10-12 | 13-15 | 16-18 || total
-------------------------+-------+-------+-------+-------+-------+-------++-------
Melee: Trident           |   100 |    26 |       |    17 |    24 |       ||   167
       Halberd           |       |    66 |   382 |   453 |   713 |   395 ||  2009
       Executioner's axe |       |       |       |       |     4 |       ||     4
       Glaive            |       |       |       |       |       |    52 ||    52
Throw: Dart              |       |       |     1 |     7 |       |       ||     8
Invok: Recall Undead Har |       |       |       |     9 |    10 |     1 ||    20
       Stop Recall       |       |       |       |     1 |     1 |       ||     2
       Bind Soul         |       |       |       |     1 |     1 |     1 ||     3
       Drain Life        |       |       |       |       |     3 |     2 ||     5
       Dark Bargain      |       |       |       |       |     1 |     2 ||     3
 Abil: Dig               |       |       |       |     4 |     3 |     1 ||     8
  Use: Potion            |       |     1 |     4 |     3 |     3 |     5 ||    16
       Scroll            |       |       |     9 |    10 |     6 |     2 ||    27
 Stab: Invisible         |       |       |     1 |       |       |       ||     1
       Distracted        |       |       |       |     3 |    17 |     4 ||    24
       Fleeing           |       |       |       |       |       |     1 ||     1
Armor: Scale mail        |    41 |    52 |   150 |       |       |       ||   243
       Plate armour      |       |       |    37 |    21 |       |       ||    58
       Skin              |       |       |       |    12 |       |       ||    12
       Gold dragon scale |       |       |       |   277 |   453 |   263 ||   993
Dodge: Dodged            |    36 |    40 |   148 |    59 |    95 |    66 ||   444
Block: Buckler           |    23 |    18 |    81 |    67 |   147 |    89 ||   425

Table legend: (Time is in decaauts)
 A = Elapsed time spent in this place.
 B = Non-inter-level travel time spent in this place.
 C = Inter-level travel time spent in this place.
 D = Time resting spent in this place.
 E = Time spent auto-exploring this place.
 F = Levels seen in this place.
 G = Mean time per level.
                   A        B        C        D        E       F      G
               +--------+--------+--------+--------+--------+-----+--------+
         Total |  24069 |  23127 |    942 |   2481 |  16311 |  24 | 1002.9 |
       Dungeon |  17044 |  16447 |    597 |   2113 |  11671 |  15 | 1136.3 |
          Lair |   5162 |   4861 |    301 |     34 |   3831 |   5 | 1032.4 |
  Orcish Mines |    752 |    709 |     43 |      0 |    554 |   2 |  376.0 |
       Ossuary |    261 |    261 |      0 |      0 |    141 |   1 |  261.0 |
      Ice Cave |    849 |    849 |      0 |    334 |    114 |   1 |  849.0 |
               +--------+--------+--------+--------+--------+-----+--------+

Top non-repeatable levels by time:
    D:11: 1661 daAuts
     D:9: 1526 daAuts
    D:10: 1496 daAuts
    D:13: 1436 daAuts
  Lair:5: 1288 daAuts
     D:7: 1228 daAuts
    D:15: 1181 daAuts
     D:8: 1170 daAuts
     D:5: 1093 daAuts
  Lair:2: 1045 daAuts
    D:12: 1033 daAuts
     D:1: 1024 daAuts
  Lair:3: 1000 daAuts
  Lair:4: 970 daAuts
     D:6: 920 daAuts
